CAL (WIN)
MYRTLE BEACH PELICANS @ VISALIA RAWHIDE
12/15/2046
 
TOP OF THE 1ST
Myrtle Beach Pelicans batting - Pitching for Visalia Rawhide : RHP Tom Moore
Pitching: RHP Tom Moore
Batting: RHB Eric Wiss 0-0: Ball
1-0: Ball
2-0: Ball
3-0: Called Strike
3-1: Called Strike
3-2: Foul Ball, location: 2F
3-2: SINGLE (Groundball, 6MD, EV 109.4 MPH)
Batting: SHB Gabriel Cruz 0-0: Ball
1-0: Called Strike
1-1: Foul Ball, location: 2F
1-2: Strikes out looking
Batting: RHB Brad Santanello 0-0: Called Strike
0-1: Called Strike
0-2: Foul Ball, location: 2F
0-2: Foul Ball, location: 2F
0-2: Grounds into double play, 5-4-3 (Groundball, 56, EV 89.4 MPH)
Top of the 1st over - 0 runs, 1 hit, 0 errors, 0 left on base; Myrtle Beach 0 - Visalia 0
BOTTOM OF THE 1ST
Visalia Rawhide batting - Pitching for Myrtle Beach Pelicans : RHP Dustin Buckner
Pitching: RHP Dustin Buckner
Batting: RHB D.J. Cooke 0-0: Ball
1-0: Foul Ball, location: 2F
1-1: Called Strike
1-2: Foul Ball, location: 2F
1-2: Foul Ball, location: 2F
1-2: Ball
2-2: Fly out, F8 (Flyball, 8RM, EV 86.2 MPH)
Batting: LHB Soo-yeon Kym 0-0: Ball
1-0: Foul Ball, location: 2F
1-1: Swinging Strike
1-2: Ball
2-2: Ground out 6-3 (Groundball, 6, EV 107.5 MPH)
Batting: RHB Chad Mendoza 0-0: Ball
1-0: SOLO HOME RUN (Flyball, 7LD, EV 96.9 MPH), Distance : 347 ft
Batting: RHB Sergio Manzanero 0-0: Ball
1-0: Ball
2-0: Foul Ball, location: 2F
2-1: Ball
3-1: Foul Ball, location: 2F
3-2: Strikes out swinging
Bottom of the 1st over - 1 run, 1 hit, 0 errors, 0 left on base; Myrtle Beach 0 - Visalia 1
TOP OF THE 2ND
Myrtle Beach Pelicans batting - Pitching for Visalia Rawhide : RHP Tom Moore
Batting: RHB David Barnard 0-0: Ball
1-0: Ball
2-0: Called Strike
2-1: SINGLE (Line Drive, 4D, EV 100.0 MPH)
Batting: RHB Ricardo Aguinaga 0-0: Foul Ball, location: 2F
0-1: Called Strike
0-2: Foul Ball, location: 2F
0-2: Strikes out looking
David Barnard steals 2nd, throwing error, E2
David Barnard to third
Batting: LHB Wing-tat Tai 0-0: DOUBLE (Groundball, 3L, EV 101.9 MPH)
David Barnard scores
Batting: RHB Andy Huntley 0-0: Ball
1-0: SINGLE (Groundball, 56, EV 95.0 MPH)
Wing-tat Tai to third
Batting: RHB Denis Rachin 0-0: Foul Ball, location: 2F
0-1: Ball
1-1: Ball
2-1: Foul Ball, location: 2F
2-2: 3-RUN HOME RUN (Line Drive, 7LD, EV 93.1 MPH), Distance : 336 ft
Batting: LHB Adam Conover 0-0: Fly out, F9 (Line Drive, 9S, EV 98.1 MPH)
Batting: RHB Eric Wiss 0-0: Ball
1-0: SINGLE (Line Drive, 34D, EV 98.1 MPH)
Batting: SHB Gabriel Cruz 0-0: Called Strike
0-1: Ball
Eric Wiss steals 2nd base
1-1: Ball
2-1: Foul Ball, location: 2F
2-2: Foul Ball, location: 2F
2-2: SINGLE (Groundball, P, EV 93.1 MPH) (infield hit)
Eric Wiss to third
Batting: RHB Brad Santanello 0-0: Ball
1-0: Ball
2-0: SINGLE (Groundball, 56D, EV 100.6 MPH)
Eric Wiss scores
Gabriel Cruz to second
Pitching: RHP Alex Apolinar
Batting: RHB David Barnard 0-0: Called Strike
0-1: Fly out, F9 (Flyball, 9, EV 80.6 MPH)
Top of the 2nd over - 5 runs, 7 hits, 1 error, 2 left on base; Myrtle Beach 5 - Visalia 1
BOTTOM OF THE 2ND
Visalia Rawhide batting - Pitching for Myrtle Beach Pelicans : RHP Dustin Buckner
Batting: RHB Antonio Luisa 0-0: Ball
1-0: Swinging Strike
1-1: Foul Ball, location: 2F
1-2: Foul Ball, location: 2F
1-2: Ball
2-2: Strikes out swinging
Batting: RHB Cesar Rendon 0-0: Called Strike
0-1: Foul Ball, location: 2F
0-2: Strikes out looking
Batting: LHB Danny Salas 0-0: Called Strike
0-1: Swinging Strike
0-2: Foul Ball, location: 2F
0-2: Strikes out looking
Bottom of the 2nd over - 0 runs, 0 hits, 0 errors, 0 left on base; Myrtle Beach 5 - Visalia 1
TOP OF THE 3RD
Myrtle Beach Pelicans batting - Pitching for Visalia Rawhide : RHP Alex Apolinar
Batting: RHB Ricardo Aguinaga 0-0: Ball
1-0: Called Strike
1-1: Foul Ball, location: 2F
1-2: Ground out U3 (Groundball, 13, EV 90.0 MPH)
Batting: LHB Wing-tat Tai 0-0: Ground out 4-3 (Groundball, 4, EV 80.6 MPH)
Batting: RHB Andy Huntley 0-0: Foul Ball, location: 2F
0-1: Ball
1-1: Hit by Pitch
Batting: RHB Denis Rachin 0-0: Ball
1-0: Called Strike
1-1: Called Strike
1-2: SINGLE (Flyball, 8LS, EV 92.5 MPH)
Andy Huntley to second
Batting: LHB Adam Conover 0-0: Called Strike
0-1: Fly out, F9 (Flyball, 9S, EV 86.9 MPH)
Top of the 3rd over - 0 runs, 1 hit, 0 errors, 2 left on base; Myrtle Beach 5 - Visalia 1
BOTTOM OF THE 3RD
Visalia Rawhide batting - Pitching for Myrtle Beach Pelicans : RHP Dustin Buckner
Batting: RHB John Ricketts 0-0: Called Strike
0-1: Called Strike
0-2: Ball
1-2: Strikes out swinging
Batting: RHB Isaiah Hampton 0-0: SINGLE (Groundball, 34S, EV 86.9 MPH) (infield hit)
Batting: RHB D.J. Cooke 0-0: Ball
1-0: Ball
2-0: Ball
3-0: Called Strike
3-1: Base on Balls
Isaiah Hampton to second
Batting: LHB Soo-yeon Kym 0-0: Ball
1-0: DOUBLE (Flyball, 8LXD, EV 88.8 MPH)
Isaiah Hampton scores
D.J. Cooke to third
Runner from 3rd tries for Home, SAFE, throw by CF to trailing runner, SAFE at third!
Batting: RHB Chad Mendoza 0-0: Called Strike
0-1: Ball
1-1: Ball
2-1: Ball
3-1: Base on Balls
Batting: RHB Sergio Manzanero 0-0: Foul Ball, location: 2F
0-1: Ball
1-1: Ball
2-1: Ball
3-1: Foul Ball, location: 2F
3-2: Foul Ball, location: 2F
3-2: DOUBLE (Line Drive, 89D, EV 96.9 MPH)
Soo-yeon Kym scores
Chad Mendoza to third
Batting: RHB Antonio Luisa 0-0: Called Strike
0-1: Ball
1-1: Ball
2-1: Called Strike
2-2: Foul Ball, location: 2F
2-2: Ball
3-2: Strikes out swinging
Batting: RHB Cesar Rendon 0-0: Swinging Strike
0-1: Called Strike
0-2: SINGLE (Groundball, 56D, EV 100.0 MPH)
Chad Mendoza scores
Sergio Manzanero to third
Runner from 3rd tries for Home, throw by LF and OUT! 7-2
Bottom of the 3rd over - 4 runs, 4 hits, 0 errors, 1 left on base; Myrtle Beach 5 - Visalia 5
TOP OF THE 4TH
Myrtle Beach Pelicans batting - Pitching for Visalia Rawhide : RHP Alex Apolinar
Batting: RHB Eric Wiss 0-0: Foul Ball, location: 2F
0-1: Ground out 6-3 (Groundball, 6, EV 84.4 MPH)
Batting: SHB Gabriel Cruz 0-0: Swinging Strike
0-1: Called Strike
0-2: Foul Ball, location: 2F
0-2: Strikes out swinging
Batting: RHB Brad Santanello 0-0: Ball
1-0: Called Strike
1-1: Foul Ball, location: 2F
1-2: DOUBLE (Line Drive, 7LM, EV 101.9 MPH)
Batting: RHB David Barnard 0-0: Ball
1-0: SINGLE (Groundball, 34S, EV 65.0 MPH) (infield hit)
Brad Santanello to third
Batting: RHB Ricardo Aguinaga 0-0: Ball
1-0: Ball
Wild Pitch!
Brad Santanello scores
David Barnard to second
2-0: Swinging Strike
2-1: Foul Ball, location: 2F
2-2: Ball
3-2: Foul Ball, location: 2F
3-2: Fly out, F8 (Flyball, 8LXD, EV 102.5 MPH)
Top of the 4th over - 1 run, 2 hits, 0 errors, 1 left on base; Myrtle Beach 6 - Visalia 5
BOTTOM OF THE 4TH
Visalia Rawhide batting - Pitching for Myrtle Beach Pelicans : RHP Dustin Buckner
Batting: LHB Danny Salas 0-0: Called Strike
0-1: Ball
1-1: Foul Ball, location: 2F
1-2: Ball
2-2: Foul Ball, location: 2F
2-2: Ball
3-2: Base on Balls
Batting: RHB John Ricketts 0-0: Fly out, F8 (Flyball, 8LD, EV 105.6 MPH)
Pitching: RHP Carlos Zavala
Batting: RHB Isaiah Hampton 0-0: Ball
Danny Salas steals 2nd base
1-0: Called Strike
1-1: Foul Ball, location: 2F
1-2: SINGLE (Flyball, 8RS, EV 93.8 MPH)
Danny Salas to third
Batting: RHB D.J. Cooke 0-0: Called Strike
0-1: Ball
1-1: Ball
2-1: SINGLE (Groundball, 34, EV 104.4 MPH)
Danny Salas scores
Isaiah Hampton to second
Runner from 2nd tries for 3rd, SAFE, no throw by RF
Batting: LHB Soo-yeon Kym 0-0: Ball
1-0: Ball
2-0: Foul Ball, location: 2F
2-1: Foul Ball, location: 2F
2-2: Foul Ball, location: 2F
2-2: Ball
3-2: Strikes out swinging
Batting: RHB Chad Mendoza 0-0: Ground out 4-3 (Groundball, 4S, EV 91.9 MPH)
Bottom of the 4th over - 1 run, 2 hits, 0 errors, 2 left on base; Myrtle Beach 6 - Visalia 6
TOP OF THE 5TH
Myrtle Beach Pelicans batting - Pitching for Visalia Rawhide : RHP Alex Apolinar
Pitching: RHP Jeff Whaley
Batting: LHB Wing-tat Tai 0-0: Called Strike
0-1: Foul Ball, location: 2F
0-2: Ball
1-2: Ball
2-2: SINGLE (Line Drive, 78M, EV 92.5 MPH)
Batting: RHB Andy Huntley 0-0: Called Strike
0-1: Foul Ball, location: 2F
0-2: Strikes out swinging
Batting: RHB Denis Rachin 0-0: Ball
1-0: Hit by Pitch
Wing-tat Tai to second
Batting: LHB Adam Conover 0-0: Called Strike
0-1: Ball
1-1: Grounds into double play, 4-6-3 (Groundball, 34, EV 81.9 MPH)
Top of the 5th over - 0 runs, 1 hit, 0 errors, 1 left on base; Myrtle Beach 6 - Visalia 6
BOTTOM OF THE 5TH
Visalia Rawhide batting - Pitching for Myrtle Beach Pelicans : RHP Carlos Zavala
Batting: RHB Sergio Manzanero 0-0: Called Strike
0-1: Called Strike
0-2: Ball
1-2: Strikes out swinging
Batting: RHB Antonio Luisa 0-0: Ground out 5-3 (Groundball, 56, EV 105.0 MPH)
Batting: RHB Cesar Rendon 0-0: Swinging Strike
0-1: Called Strike
0-2: Foul Ball, location: 2F
0-2: Strikes out swinging
Bottom of the 5th over - 0 runs, 0 hits, 0 errors, 0 left on base; Myrtle Beach 6 - Visalia 6
TOP OF THE 6TH
Myrtle Beach Pelicans batting - Pitching for Visalia Rawhide : RHP Jeff Whaley
Batting: RHB Eric Wiss 0-0: Called Strike
0-1: Ball
1-1: Called Strike
1-2: Ball
2-2: Strikes out swinging
Batting: SHB Gabriel Cruz 0-0: SINGLE (Flyball, 78S, EV 88.8 MPH)
Batting: RHB Brad Santanello 0-0: DOUBLE (Flyball, 8LXD, EV 103.1 MPH)
Gabriel Cruz to third
Runner from 3rd tries for Home, SAFE, throw by CF to home
Batting: RHB David Barnard 0-0: Ball
1-0: Foul Ball, location: 2F
1-1: Foul Ball, location: 2F
1-2: Ball
2-2: Strikes out swinging
Batting: RHB Ricardo Aguinaga 0-0: Ground out 4-3 (Groundball, 4, EV 83.1 MPH)
Top of the 6th over - 1 run, 2 hits, 0 errors, 1 left on base; Myrtle Beach 7 - Visalia 6
BOTTOM OF THE 6TH
Visalia Rawhide batting - Pitching for Myrtle Beach Pelicans : RHP Carlos Zavala
Batting: LHB Danny Salas 0-0: Fly out, F5 (Line Drive, 5, EV 60.6 MPH)
Batting: RHB John Ricketts 0-0: Ball
1-0: Swinging Strike
1-1: SINGLE (Groundball, 6MD, EV 99.4 MPH)
Pinch Hitting: RHB Josh Burrows 0-0: Ball
John Ricketts steals 2nd, throwing error, E2
John Ricketts to third
1-0: Called Strike
1-1: Called Strike
1-2: Ball
2-2: SINGLE (Line Drive, 5L, EV 96.2 MPH)
John Ricketts scores
Batting: RHB D.J. Cooke 0-0: Ball
1-0: Ball
2-0: Grounds into double play, 4-6-3 (Groundball, 34S, EV 85.0 MPH)
Bottom of the 6th over - 1 run, 2 hits, 1 error, 0 left on base; Myrtle Beach 7 - Visalia 7
TOP OF THE 7TH
Myrtle Beach Pelicans batting - Pitching for Visalia Rawhide : RHP Jeff Whaley
Now in CF: Cesar Rendon
Now in RF: Tae-geun Kwang
Batting: LHB Wing-tat Tai 0-0: SINGLE (Flyball, 89S, EV 95.6 MPH)
Batting: RHB Andy Huntley 0-0: Called Strike
0-1: Called Strike
0-2: Strikes out swinging
Batting: RHB Denis Rachin 0-0: Ball
1-0: Called Strike
1-1: Grounds into double play, 4-6-3 (Groundball, 4, EV 86.2 MPH)
Top of the 7th over - 0 runs, 1 hit, 0 errors, 0 left on base; Myrtle Beach 7 - Visalia 7
BOTTOM OF THE 7TH
Visalia Rawhide batting - Pitching for Myrtle Beach Pelicans : RHP Carlos Zavala
Pitching: LHP Eddie Panagos
Batting: LHB Soo-yeon Kym 0-0: Swinging Strike
0-1: Called Strike
0-2: Strikes out looking
Batting: RHB Chad Mendoza 0-0: Ball
1-0: Swinging Strike
1-1: Ball
2-1: Ball
3-1: TRIPLE (Flyball, 78XD, EV 98.1 MPH)
Batting: RHB Sergio Manzanero 0-0: Called Strike
0-1: Ball
1-1: Called Strike
1-2: Foul Ball, location: 2F
1-2: Ball
2-2: Ball
3-2: Base on Balls
Batting: RHB Antonio Luisa 0-0: Ball
1-0: Ball
2-0: Foul Ball, location: 2F
2-1: SINGLE (Groundball, 6MD, EV 105.0 MPH)
Chad Mendoza scores
Sergio Manzanero to second
Batting: RHB Cesar Rendon 0-0: Ball
1-0: Called Strike
1-1: Swinging Strike
1-2: Strikes out swinging
Batting: LHB Danny Salas 0-0: Ball
1-0: Ground out 4-3 (Groundball, 34, EV 108.8 MPH)
Bottom of the 7th over - 1 run, 2 hits, 0 errors, 2 left on base; Myrtle Beach 7 - Visalia 8
TOP OF THE 8TH
Myrtle Beach Pelicans batting - Pitching for Visalia Rawhide : RHP Jeff Whaley
Batting: LHB Adam Conover 0-0: Ball
1-0: Ground out U3 (Groundball, 23, EV 83.1 MPH)
Batting: RHB Eric Wiss 0-0: Ball
1-0: Ball
2-0: Called Strike
2-1: Ground out 6-3 (Groundball, 6, EV 81.9 MPH)
Batting: SHB Gabriel Cruz 0-0: Foul Ball, location: 2F
0-1: Ball
1-1: Ball
2-1: Swinging Strike
2-2: Ball
3-2: Strikes out swinging
Top of the 8th over - 0 runs, 0 hits, 0 errors, 0 left on base; Myrtle Beach 7 - Visalia 8
BOTTOM OF THE 8TH
Visalia Rawhide batting - Pitching for Myrtle Beach Pelicans : LHP Eddie Panagos
Pitching: RHP Angel Pesina
Batting: RHB John Ricketts 0-0: Called Strike
0-1: Ball
1-1: Ground out 6-3 (Groundball, 56, EV 105.6 MPH)
Batting: LHB Tae-geun Kwang 0-0: DOUBLE (Flyball, 78D, EV 106.9 MPH)
Batting: RHB D.J. Cooke 0-0: Called Strike
0-1: 2-RUN HOME RUN (Flyball, 78XD, EV 110.0 MPH), Distance : 415 ft
Batting: LHB Soo-yeon Kym 0-0: Ball
1-0: Ball
2-0: Ball
3-0: Base on Balls
Batting: RHB Chad Mendoza 0-0: Called Strike
0-1: Grounds into double play, 5-4-3 (Groundball, 56, EV 88.1 MPH)
Bottom of the 8th over - 2 runs, 2 hits, 0 errors, 0 left on base; Myrtle Beach 7 - Visalia 10
TOP OF THE 9TH
Myrtle Beach Pelicans batting - Pitching for Visalia Rawhide : RHP Jeff Whaley
Pitching: RHP Joe Mulholland
Batting: RHB Brad Santanello 0-0: Called Strike
0-1: Ball
1-1: Ball
2-1: Ball
3-1: Foul Ball, location: 2F
3-2: SOLO HOME RUN (Flyball, 9D, EV 105.0 MPH), Distance : 374 ft
Batting: RHB David Barnard 0-0: Ball
1-0: Called Strike
1-1: Foul Ball, location: 2F
1-2: Strikes out swinging
Batting: RHB Ricardo Aguinaga 0-0: Foul Ball, location: 2F
0-1: Ball
1-1: Called Strike
1-2: Strikes out swinging
Batting: LHB Wing-tat Tai 0-0: Ball
1-0: Ball
2-0: Ball
3-0: Base on Balls
Batting: RHB Andy Huntley 0-0: Ball
1-0: Swinging Strike
1-1: Ball
2-1: Ball
3-1: Base on Balls
Wing-tat Tai to second
Batting: RHB Denis Rachin 0-0: 3-RUN HOME RUN (Flyball, 7D, EV 96.9 MPH), Distance : 373 ft
Pitching: LHP Travis Osorio
Batting: LHB Adam Conover 0-0: Swinging Strike
0-1: Ball
1-1: Swinging Strike
1-2: Ball
2-2: Ball
3-2: Strikes out swinging
Top of the 9th over - 4 runs, 2 hits, 0 errors, 0 left on base; Myrtle Beach 11 - Visalia 10
BOTTOM OF THE 9TH
Visalia Rawhide batting - Pitching for Myrtle Beach Pelicans : RHP Angel Pesina
Pitching: RHP Jake Newman
Batting: RHB Sergio Manzanero 0-0: Called Strike
0-1: Hit by Pitch
Batting: RHB Antonio Luisa 0-0: Ball
1-0: Swinging Strike
1-1: Ball
2-1: Ball
3-1: SINGLE (Line Drive, 7LM, EV 108.8 MPH)
Sergio Manzanero to second
Pinch Hitting: LHB Dallas Kelly 0-0: Ball
1-0: Called Strike
1-1: Swinging Strike
1-2: Ball
2-2: Strikes out swinging
Pinch Hitting: RHB Jeremy Adams 0-0: Ball
1-0: Swinging Strike
1-1: Ball
2-1: Foul Ball, location: 2F
2-2: Foul Ball, location: 2F
2-2: Strikes out swinging
Pinch Hitting: SHB Ethan Newby 0-0: Ball
1-0: Swinging Strike
1-1: Ball
2-1: DOUBLE (Line Drive, 78D, EV 99.4 MPH)
Sergio Manzanero scores
Antonio Luisa to third
Batting: LHB Tae-geun Kwang 0-0: Foul Ball, location: 2F
0-1: Swinging Strike
0-2: Ball
1-2: Ground out 4-3 (Groundball, 4, EV 101.9 MPH)
Bottom of the 9th over - 1 run, 2 hits, 0 errors, 2 left on base; Myrtle Beach 11 - Visalia 11
TOP OF THE 10TH
Myrtle Beach Pelicans batting - Pitching for Visalia Rawhide : LHP Travis Osorio
Pitching: LHP Bobby Manning
Now at C: Shing Mah
Now in LF: Dallas Kelly
Now in CF: Tae-geun Kwang
Now in RF: Jeremy Adams
Batting: RHB Eric Wiss 0-0: Ball
1-0: Fly out, F2 (Popup, 23F, EV 87.5 MPH)
Batting: SHB Gabriel Cruz 0-0: Ball
1-0: Foul Ball, location: 2F
1-1: Swinging Strike
1-2: Ball
2-2: Strikes out swinging
Batting: RHB Brad Santanello 0-0: Ball
1-0: Ball
2-0: SOLO HOME RUN (Flyball, 7LD, EV 93.8 MPH), Distance : 335 ft
Batting: RHB David Barnard 0-0: Ball
1-0: Ball
2-0: Ball
3-0: Base on Balls
Batting: RHB Ricardo Aguinaga 0-0: Called Strike
0-1: Ball
1-1: Foul Ball, location: 2F
1-2: Ball
David Barnard is caught stealing 2nd base 2-4
Top of the 10th over - 1 run, 1 hit, 0 errors, 0 left on base; Myrtle Beach 12 - Visalia 11
BOTTOM OF THE 10TH
Visalia Rawhide batting - Pitching for Myrtle Beach Pelicans : RHP Jake Newman
Pitching: RHP Jose Marrero
Batting: RHB D.J. Cooke 0-0: Ball
1-0: Ball
2-0: Ball
3-0: Called Strike
3-1: SINGLE (Flyball, 89S, EV 95.0 MPH)
Batting: LHB Soo-yeon Kym 0-0: Fly out, F6 (Line Drive, 6, EV 65.0 MPH)
Batting: RHB Chad Mendoza 0-0: Fly out, F9 (Flyball, 89M, EV 86.2 MPH)
Batting: RHB Sergio Manzanero 0-0: Ball
1-0: Ball
2-0: Ball
3-0: Base on Balls
D.J. Cooke to second
Batting: RHB Antonio Luisa 0-0: Called Strike
0-1: Ball
1-1: Fly out, F6 (Line Drive, 6, EV 61.9 MPH)
Bottom of the 10th over - 0 runs, 1 hit, 0 errors, 2 left on base; Myrtle Beach 12 - Visalia 11
Tuesday, September 13th , 2022 - OOTP Baseball 23.7 Build 88